 Dungeon Crawl Stone Soup version 0.29-a0-857-g9b1aa3ac5b (webtiles) character file.

Game seed: 10677997026742420452

2081 nxtlvl the Nimble (level 9, -1/49 HPs)
             Began as a Deep Elf Monk on July 17, 2022.
             Was a Priest of Vehumet.
             Slain by a two-headed ogre
             ... wielding a +0 giant club
              (13 damage)
             ... on level 8 of the Dungeon.
             The game lasted 00:41:02 (3514 turns).

nxtlvl the Nimble (Deep Elf Monk)                   Turns: 3514, Time: 00:41:04

Health: -1/49      AC: 11    Str:  7    XL:     9   Next: 6%
Magic:  18/18      EV: 14    Int: 19    God:    Vehumet [***...]
Gold:   329        SH:  0    Dex: 21    Spells: 13/18 levels left

rFire   . . .      SeeInvis .   a - +2 dagger (flame)
rCold   + . .      Faith    +   (no shield)
rNeg    . . .      Spirit   .   o - +1 ring mail {rC+}
rPois   .          Reflect  .   (helmet restricted)
rElec   .          Harm     .   (no cloak)
rCorr   .          Rampage  .   (no gloves)
Will    .....                   k - +0 pair of boots
Stlth   ++........              r - amulet of faith
HPRegen 0.16/turn               h - +4 ring of protection
MPRegen 0.16/turn               x - ring of wizardry

@: no status effects
A: antennae 1, agile 1, noise suppression
a: Renounce Religion


You were on level 8 of the Dungeon.
You worshipped Vehumet.
Vehumet was most pleased with you.
You visited 2 branches of the dungeon, and saw 9 of its levels.

You collected 329 gold pieces.

Inventory:

Hand Weapons
 a - a +2 dagger of flaming (weapon)
 A - a +5 scimitar
Missiles
 d - 30 stones
 j - 3 poisoned darts (quivered)
 s - a throwing net
Armour
 b - a +0 robe
 k - a +0 pair of boots (worn)
 o - a +1 ring mail of cold resistance (worn)
Jewellery
 h - a +4 ring of protection (left hand)
 r - an amulet of faith (around neck)
 x - a ring of wizardry (right hand)
Wands
 n - a wand of paralysis (3)
 z - a wand of flame (5)
Scrolls
 e - 4 scrolls of teleportation {unknown}
 f - 3 scrolls of brand weapon {unknown}
 g - 2 scrolls of enchant weapon {unknown}
 l - 2 scrolls of acquirement {unknown}
 m - a scroll of silence {unknown}
 v - a scroll of amnesia {unknown}
 y - 2 scrolls of vulnerability {unknown}
Potions
 c - a potion of brilliance
 i - a potion of curing
 p - a potion of attraction
 q - 3 potions of heal wounds
 t - a potion of mutation
 u - a potion of resistance
 w - a potion of magic {unknown}


   Skills:
 - Level 2.4 Fighting
 - Level 8.0 Short Blades
 + Level 8.4 Dodging
 - Level 2.4 Stealth
 + Level 5.3 Spellcasting
 * Level 3.9 Conjurations
 - Level 4.0 Ice Magic


You had 13 spell levels left.
You knew the following spells:

 Your Spells              Type           Power      Damage    Failure   Level
x - Searing Ray           Conj           40%        2d5       1%          2
z - Freeze                Ice            80%        1d9       1%          1
Z - Static Discharge      Conj/Air       12%        3-5/arc   3%          2

Your spell library contained the following spells:

 Spells                   Type           Power      Damage    Failure   Level
 Conjure Flame            Conj/Fire      12%        6-21      7%          3
 Ignite Poison            Fire/Tmut/Pois 5%         N/A       14%         3
 Sticky Flame             Conj/Fire      12%        2d4       19%         4


Dungeon Overview and Level Annotations

Branches:
Dungeon (8/15)             Temple (1/1) D:6
   Lair: D:8-11

Altars:
Ashenzari
Cheibriados
Hepliaklqana
Makhleb
Nemelex Xobeh
Okawaru
Ru
Trog
Vehumet
Yredelemnul
The Shining One

Shops:
D:2 (   D:3 =   D:5 *   D:7 (

Annotations:
D:2 1 runed translucent door, Crazy Yiuf
D:3 Terence


Innate Abilities, Weirdness & Mutations

You have a pair of small antennae on your head.
You are agile. (Dex +4, Str/Int -1)
You passively dampen the noise of your surroundings.


Message History

Aim: a two-headed ogre, wielding a +0 giant club and a +0 giant spiked club (chance to affect: 31%)
The two-headed ogre easily resists.
A gnoll comes into view. It is wielding a +0 club.
Aiming: Paralyse
Press: ? - help, Shift-Dir - straight line, f/p - two-headed ogre
Aim: a two-headed ogre, wielding a +0 giant club and a +0 giant spiked club (chance to affect: 31%)
The two-headed ogre easily resists.
Aiming: Paralyse
Press: ? - help, Shift-Dir - straight line, f/p - two-headed ogre
Aim: a two-headed ogre, wielding a +0 giant club and a +0 giant spiked club (chance to affect: 31%)
The two-headed ogre easily resists.
The two-headed ogre hits you but does no damage.
The two-headed ogre closely misses you.
Aiming: Paralyse
Press: ? - help, Shift-Dir - straight line, f/p - two-headed ogre
Aim: a two-headed ogre, wielding a +0 giant club and a +0 giant spiked club (chance to affect: 31%)
The two-headed ogre easily resists.
The two-headed ogre hits you with a +0 giant club!!
The two-headed ogre hits you with a +0 giant spiked club.
Aiming: Paralyse
Press: ? - help, Shift-Dir - straight line, f/p - two-headed ogre
Aim: a two-headed ogre, wielding a +0 giant club and a +0 giant spiked club (chance to affect: 31%)
The two-headed ogre easily resists.
The gnoll hits you with a +0 club.
Unknown command.
Aiming: Paralyse
Press: ? - help, Shift-Dir - straight line, f/p - two-headed ogre
Aim: a two-headed ogre, wielding a +0 giant club and a +0 giant spiked club (chance to affect: 31%)
The two-headed ogre easily resists.
The two-headed ogre misses you.
The two-headed ogre hits you with a +0 giant spiked club!
* * * LOW HITPOINT WARNING * * *
The gnoll hits you but does no damage.
Unknown command.
Aiming: Paralyse
Press: ? - help, Shift-Dir - straight line, f/p - two-headed ogre
Aim: a two-headed ogre, wielding a +0 giant club and a +0 giant spiked club (chance to affect: 31%)
The two-headed ogre easily resists.
A kobold comes into view. It is wielding a +0 dagger.
The gnoll misses you.
The two-headed ogre hits you with a +0 giant club!
You die...

#....
#....##
#......
#.....####
#........#
.K.....#
#Og...#
#.@...#
##+####


You could see a two-headed ogre, a gnoll and a kobold.

Vanquished Creatures
  A water moccasin (D:7)
  A black bear (D:6)
  2 sky beasts (D:7)
  2 ogres (D:5)
  A phantom (D:5)
  2 bullfrogs (D:7)
  2 necrophages
  A water moccasin zombie (D:5)
  2 scorpions (D:6)
  4 wights (D:7)
  An electric eel (D:6)
  A centaur zombie (D:5)
  A bullfrog zombie (D:5)
  5 hounds
  A jelly (D:7)
  5 orc priests
  2 iguanas (D:5)
  4 orc wizards
  A killer bee zombie (D:5)
  6 adders
  7 gnolls
  3 white imps
  3 dart slugs
  17 orcs
  8 ball pythons
  A bat (D:2)
  5 endoplasms
  A giant cockroach (D:1)
  A goblin (D:1)
  4 hobgoblins
  13 jackals
  7 kobolds
  A rat (D:2)
116 creatures vanquished.

Vanquished Creatures (others)
  5 withered plants (D:5)
5 creatures vanquished.

Grand Total: 121 creatures vanquished

Notes
Turn   | Place    | Note
-------+----------+-------------------------------------------
     0 | D:1      | nxtlvl the Deep Elf Monk began the quest for the Orb.
     0 | D:1      | Reached XP level 1. HP: 13/13 MP: 3/3
   100 | D:1      | You fall into a shaft and drop 1 floor!
   191 | D:2      | Reached XP level 2. HP: 13/18 MP: 4/4
   239 | D:2      | Gained mutation: You have a pair of small antennae on your
                  | head. [potion of mutation]
   239 | D:2      | Gained mutation: You passively dampen the noise of your
                  | surroundings. [potion of mutation]
   239 | D:2      | Gained mutation: You are agile. (Dex +4, Str/Int -1)
                  | [potion of mutation]
   345 | D:1      | Reached XP level 3. HP: 21/22 MP: 5/5
   420 | D:2      | Found a runed translucent door.
   421 | D:2      | Noticed Crazy Yiuf
   478 | D:3      | Found a snail-covered altar of Cheibriados.
   607 | D:3      | Found Fesheu's Jewellery Boutique.
   689 | D:3      | Noticed Terence
   756 | D:4      | Reached XP level 4. HP: 27/27 MP: 6/6
   860 | D:2      | Reached skill level 5 in Short Blades
   874 | D:2      | Found Otaify's Antique Weapon Boutique.
  1021 | D:4      | Reached XP level 5. HP: 31/31 MP: 7/7
  1132 | D:4      | Found a sacrificial altar of Ru.
  1133 | D:4      | Found a basalt altar of Yredelemnul.
  1133 | D:4      | Found a glowing golden altar of the Shining One.
  1134 | D:4      | Found an iron altar of Okawaru.
  1286 | D:5      | Entered Level 5 of the Dungeon
  1419 | D:4      | Reached XP level 6. HP: 24/36 MP: 8/8
  1518 | D:5      | Found Huiden's Elemental Accessories.
  1920 | D:5      | Reached XP level 7. HP: 40/40 MP: 9/9
  1952 | D:5      | Reached skill level 5 in Dodging
  2216 | D:6      | Found a staircase to the Ecumenical Temple.
  2244 | Temple   | Entered the Ecumenical Temple
  2274 | Temple   | Became a worshipper of Vehumet
  2274 | Temple   | Reached * piety under Vehumet
  2274 | Temple   | Offered knowledge of Freeze by Vehumet.
  2274 | Temple   | Reached ** piety under Vehumet
  2277 | Temple   | Learned a level 1 spell: Freeze
  2350 | D:6      | Offered knowledge of Static Discharge by Vehumet.
  2351 | D:6      | Reached skill level 1 in Spellcasting
  2358 | D:6      | Learned a level 2 spell: Static Discharge
  2392 | D:6      | Reached skill level 1 in Ice Magic
  2396 | D:6      | Reached XP level 8. HP: 24/45 MP: 11/13
  2868 | D:7      | Found a broken altar of Ashenzari.
  3020 | D:6      | Offered knowledge of Searing Ray by Vehumet.
  3025 | D:6      | Learned a level 2 spell: Searing Ray
  3090 | D:5      | Reached skill level 1 in Conjurations
  3322 | D:7      | Reached *** piety under Vehumet
  3323 | D:7      | Reached skill level 5 in Spellcasting
  3353 | D:7      | Reached XP level 9. HP: 39/49 MP: 13/18
  3427 | D:7      | Found Etuanir's Antique Weapon Boutique.
  3506 | D:8      | Noticed a two-headed ogre
  3514 | D:8      | Slain by a two-headed ogre

Illustrated notes

Levels and vault maps discovered:
D:1:      spicycebolla_arrival_xxxplode, layout_loops_ring,
          nicolae_ecumenical_snake_handling
D:2:      layout_basic, serial_shops, nicolae_shop_behind_doors,
          uniq_crazy_yiuf_cottage
D:3:      wander_river, layout_rooms, nicolae_overflow_crystal_walls,
          serial_shops, shop, serial_corexii_hall,
          chequers_hall_statues_corner_a, corexii_hall_statues_l, uniq_terence
D:4:      layout_basic, chequers_temple_overflow_statue_of_worship
D:5:      layout_rooms, serial_undead, serial_undead_e, serial_undead_c,
          serial_undead_b, serial_undead_d, nicolae_elemental_shop,
          nicolae_hexahallways, amcnicky_mini_rare_corridor_liquid
D:6:      layout_rooms, minmay_temple_entry_gardened_gates, water_boxes_lemuel
D:7:      layout_layer_cave, nicolae_overflow_hidden_temple, serial_shops,
          nicolae_shop_overgrown_old_shop
D:8:      layout_basic, fedhas_altar_decomposition, dpeg_lair_monsters,
          serial_shops, shop
Temple:   oiseaux_autumnal_temple

Skill      XL: |  1  2  3  4  5  6  7  8 |
---------------+-------------------------+-----
Short Blades   | 4 5 6 8 |  8.0
Dodging        | 4 7 8 |  8.4
Spellcasting   | 2 5 |  5.3
Ice Magic      | 1 4 |  4.0
Conjurations   | 3 |  3.9
Fighting       | |  2.4
Stealth        | |  2.4

Action                   |  1- 3 |  4- 6 |  7- 9 || total
-------------------------+-------+-------+-------++-------
Melee: Short sword       |    11 |       |       ||    11
       Dagger            |    96 |   139 |   195 ||   430
       Punch             |     2 |     1 |     4 ||     7
Throw: Dart              |       |    38 |    28 ||    66
 Cast: Freeze            |       |       |    20 ||    20
       Searing Ray       |       |       |     4 ||     4
Evoke: Wand              |       |     1 |    31 ||    32
  Use: Potion            |     3 |       |       ||     3
       Scroll            |     1 |       |     5 ||     6
 Stab: Sleeping          |     1 |     4 |     1 ||     6
       Paralysed         |       |     1 |     5 ||     6
Armor: Robe              |    21 |       |       ||    21
       Ring mail         |     1 |    29 |    50 ||    80
Dodge: Dodged            |    71 |    43 |    90 ||   204

Table legend: (Time is in decaauts)
 A = Elapsed time spent in this place.
 B = Non-inter-level travel time spent in this place.
 C = Inter-level travel time spent in this place.
 D = Time resting spent in this place.
 E = Time spent auto-exploring this place.
 F = Levels seen in this place.
 G = Mean time per level.
                   A        B        C        D        E       F      G
               +--------+--------+--------+--------+--------+-----+--------+
         Total |   3371 |   3254 |    117 |      0 |     80 |   9 |  374.6 |
       Dungeon |   3315 |   3217 |     98 |      0 |     80 |   8 |  414.4 |
        Temple |     55 |     36 |     19 |      0 |      0 |   1 |   55.0 |
               +--------+--------+--------+--------+--------+-----+--------+

Top non-repeatable levels by time:
     D:7: 632 daAuts
     D:6: 631 daAuts
     D:5: 618 daAuts
     D:4: 517 daAuts
     D:2: 364 daAuts
     D:3: 345 daAuts
     D:1: 163 daAuts
  Temple: 55 daAuts
     D:8: 41 daAuts
